 Dungeon Crawl Stone Soup version 0.25.1-2-g60ff931df9 (webtiles) character file.

Game seed: 12689579866928601784

378940 Morbidden the Spry (level 21, -9/184 HPs)
             Began as a Pale Draconian Assassin on July 31, 2020.
             Was the Champion of Cheibriados.
             Mangled by a vault guard
             ... wielding a +0 glaive
              (14 damage)
             ... while paralysed by a floating eye
             ... on level 5 of the Vaults on Aug 2, 2020.
             The game lasted 03:22:18 (67927 turns).

Morbidden the Spry (Pale Draconian Assassin)       Turns: 67927, Time: 03:22:19

Health: -9/184     AC: 16    Str: 30    XL:     21   Next: 85%
Magic:  0/38       EV:  2    Int: 35    God:    Cheibriados [******]
Gold:   2108       SH:  0    Dex: 34    Spells: 30/47 levels left

rFire    + . .     SeeInvis .   s - +9 staff of Olgreb {rPois∞}
rCold    + + +     Gourm    .   q - +3 kite shield {rC+}
rNeg     . . .     Faith    .   (armour unavailable)
rPois    ∞         Spirit   +   m - +1 hat {MR+}
rElec    +         Reflect  .   u - +1 cloak {rPois}
rCorr    .         Harm     .   b - +0 pair of gloves {Dex+3}
MR       ++...                  S - +0 pair of boots
Stlth    +++++.....             I - amulet of guardian spirit
HPRegen  0.40/turn              c - ring "Mupt" {rF+ rC++ Dex-3}
MPRegen  0.26/turn              H - ring "Nibraynk" {rElec Dex+6 Slay+3}

@: paralysed, about to teleport, marked, radiating poison, studying Throwing,
very slow
A: breathe steam, unfitting armour, cold-blooded, AC +11
}: 2/15 runes: serpentine, barnacled
a: Breathe Steam, Bend Time, Temporal Distortion, Slouch, Step From Time,
Renounce Religion


You were on level 5 of the Vaults.
You worshipped Cheibriados.
Cheibriados was exalted by your worship.
You were hungry.

You visited 7 branches of the dungeon, and saw 37 of its levels.
You visited the Abyss 1 time.
You visited 1 bazaar.
You also visited: Sewer, Bailey and Desolation.

You collected 4604 gold pieces.
You spent 2496 gold pieces at shops.

Inventory:

Hand Weapons
 s - the +9 staff of Olgreb (weapon) {rPois∞}
   (You found it on level 7 of the Dungeon)

   It grants immunity to poison.
Missiles
 e - 12 curare-tipped darts
 l - 139 boomerangs (quivered)
 A - 67 javelins
 G - 23 throwing nets
 Q - 9 silver boomerangs
 Z - 71 silver javelins
Armour
 b - a +0 pair of gloves of dexterity (worn)
 m - a +1 hat of magic resistance (worn)
 q - a +3 kite shield of cold resistance (worn)
 u - a +1 cloak of poison resistance (worn)
 S - a +0 pair of boots (worn)
Jewellery
 c - the ring "Mupt" (left hand) {rF+ rC++ Dex-3}
   (You bought it in a shop in a bazaar)

   [ring of protection from fire]

   It affects your dexterity (-3).
   It protects you from fire.
   It greatly protects you from cold.
 H - the ring "Nibraynk" (right hand) {rElec Dex+6 Slay+3}
   (You bought it in a shop in a bazaar)

   [ring of dexterity]

   It affects your dexterity (+6).
   It affects your accuracy and damage with ranged weapons and melee attacks
   (+3).
   It insulates you from electricity.
 I - an amulet of guardian spirit (around neck)
 K - an uncursed ring of protection from cold
 X - an uncursed ring of protection from fire
Wands
 a - a wand of acid (21)
 h - a wand of paralysis (25)
 o - a wand of enslavement (29)
 y - a wand of iceblast (46)
 D - a wand of disintegration (26)
 F - a wand of digging (7)
 V - a wand of clouds (3)
 Y - a wand of flame (33)
Scrolls
 g - 2 scrolls of enchant armour
 j - a scroll of silence
 k - 3 scrolls of blinking
 p - 14 scrolls of remove curse
 r - 6 scrolls of fog
 v - 9 scrolls of teleportation
 w - 2 scrolls of amnesia
 B - 3 scrolls of enchant weapon
 O - 12 scrolls of identify
 W - a scroll of magic mapping
Potions
 i - 8 potions of stabbing
 n - 6 potions of brilliance
 x - 6 potions of curing
 z - 2 potions of cancellation
 C - 4 potions of mutation
 E - 8 potions of lignification
 L - 5 potions of might
 M - 2 potions of invisibility
 P - a potion of flight
 R - a potion of resistance
Books
 d - a manual of Throwing
Miscellaneous
 t - a lightning rod (4/4)
 N - 3 phantom mirrors
 T - 2 boxes of beasts
 U - a tin of tremorstones (1/3)
Comestibles
 f - 55 rations


   Skills:
 * Level 15.2 Fighting
   Level 5.9 Short Blades
 + Level 11.6 Staves
 + Level 12.2 Throwing
 * Level 16.4 Dodging
 + Level 6.8 Stealth
 - Level 15.0 Shields
 * Level 3.3 Unarmed Combat
 * Level 13.6 Spellcasting
 + Level 4.5 Conjurations
 + Level 1.8 Translocations
 * Level 7.3 Transmutations
 - Level 14.0 Invocations
 + Level 12.2 Evocations


You had 30 spell levels left.
You knew the following spells:

 Your Spells              Type           Power        Failure   Level  Hunger
a - Magic Dart            Conj           ####         1%          1    None
b - Searing Ray           Conj           ######       1%          2    None
c - Apportation           Tloc           #####.       1%          1    None
d - Blink                 Tloc           N/A          1%          2    None
e - Dragon Form           Tmut           ######....   56%         7    #####..
z - Iskenderun's Mystic   Conj/Tloc      #####...     4%          4    None

Your spell library contained the following spells:

 Spells                   Type           Power        Failure   Level  Hunger
 Animate Skeleton         Necr           N/A          1%          1    None
 Beastly Appendage        Tmut           ######       1%          1    None
 Corona                   Hex            ###....      1%          1    None
 Pain                     Necr           ###.         1%          1    None
 Sandblast                Erth           ###...       1%          1    None
 Sting                    Tmut/Pois      ####         1%          1    None
 Summon Butterflies       Summ           ###.....     1%          1    None
 Summon Small Mammal      Summ           ###.         1%          1    None
 Passwall                 Tmut/Erth      #####...     1%          2    None
 Sticks to Snakes         Tmut           ######..     1%          2    None
 Conjure Flame            Conj/Fire      #####...     1%          3    None
 Dazzling Flash           Conj/Hex       #####.       1%          3    None
 Spider Form              Tmut/Pois      ######....   1%          3    None
 Stone Arrow              Conj/Erth      #####.       1%          3    None
 Call Imp                 Summ           ###.....     2%          2    None
 Slow                     Hex            ###.....     2%          2    None
 Swiftness                Chrm/Air       ###.....     2%          2    None
 Lesser Beckoning         Tloc           #####.....   2%          3    None
 Mephitic Cloud           Conj/Pois/Air  ######..     2%          3    None
 Blade Hands              Tmut           ######....   2%          5    None
 Recall                   Summ/Tloc      N/A          3%          3    None
 Ice Form                 Ice/Tmut       #####...     3%          4    None
 Call Canine Familiar     Summ           ###.....     4%          3    None
 Summon Guardian Golem    Hex/Summ       ###.....     4%          3    None
 Tukima's Dance           Hex            ###.....     4%          3    None
 Vampiric Draining        Necr           ###.......   4%          3    None
 Irradiate                Conj/Tmut      ######....   4%          5    None
 Fulminant Prism          Conj/Hex       #####.....   7%          4    None
 Passage of Golubria      Tloc           N/A          8%          4    None
 Alistair's Intoxication  Tmut/Pois      ######..     11%         5    None
 Hydra Form               Tmut           ######....   13%         6    ###....
 Animate Dead             Necr           N/A          17%         4    None
 Summon Ice Beast         Ice/Summ       ###.....     17%         4    None
 Summon Lightning Spire   Summ/Air       ###.....     17%         4    None
 Bolt of Magma            Conj/Fire/Erth ####......   26%         5    None
 Summon Forest            Summ/Tloc      ####......   32%         5    None
 Agony                    Necr           ###.....     43%         5    None
 Aura of Abjuration       Summ           ###.......   43%         5    None
 Borgnjor's Vile Clutch   Necr/Erth      ###.......   43%         5    None
 Lee's Rapid Deconstruct  Erth           ###.......   43%         5    None
 Metabolic Englaciation   Hex/Ice        ###.......   43%         5    None
 Silence                  Hex/Air        ###.......   43%         5    None
 Summon Demon             Summ           ###.......   43%         5    None
 Summon Mana Viper        Hex/Summ       ###.....     43%         5    None
 Statue Form              Tmut/Erth      #####....    50%         6    ###....
 Freezing Cloud           Conj/Ice/Air   ####......   80%         6    ###....
 Darkness                 Hex            ###.......   95%         6    ###....
 Invisibility             Hex            ###.....     95%         6    ###....
 Ozocubu's Refrigeration  Ice            ###.......   95%         6    ###....
 Shadow Creatures         Summ           N/A          95%         6    ###....
 Simulacrum               Ice/Necr       ###.......   95%         6    ###....
 Summon Hydra             Summ           ###.......   100%        7    #####..
 Shatter                  Erth           ###.......   100%        9    #######


Dungeon Overview and Level Annotations

Branches:
Dungeon (15/15)            Temple (1/1) D:5            Lair (6/6) D:8
 Shoals (4/4) Lair:4        Snake (4/4) Lair:3          Orc (2/2) D:11
    Elf (0/3) Orc:2        Vaults (5/5) D:14          Crypt (0/3) Vaults:2
 Depths (0/5) D:15          Sewer (visited)          Bailey (visited)
Desolation (visited)
  Slime: Lair:5-6

Altars:
Cheibriados
Gozag
Hepliaklqana
Kikubaaqudgha
Makhleb
Okawaru
Qazlal
Ru
Sif Muna
Uskayaw
Wu Jian
Yredelemnul
Zin
The Shining One

Shops:
D:7 !   Orc:2 ![**(   Snake:1 (   Snake:4 [

Portals:
Trove: Vaults:4 (give 11 potions of heal wounds)

Annotations:
D:7 1 runed translucent door
Lair:1 1 runed translucent door, Piumiz's ghost, journeyman HOFi
Lair:5 exclusion: 6 oklob plants
Snake:1 2 transporters, Tianux's ghost, adept DrFE


Innate Abilities, Weirdness & Mutations

You can breathe blasts of scalding, opaque steam.
Your pale cyan-grey scales are hard. (AC +11)
You cannot fit into any form of body armour.
You are cold-blooded and may be slowed by cold attacks.


Message History

Cheibriados thoroughly appreciates the change of pace.
The battlesphere dissipates.
You kill the vault guard!
Cheibriados thoroughly appreciates the change of pace.
The great orb of eyes bites you.
* * * LOW HITPOINT WARNING * * *
The vault guard hits you from afar with a +1 halberd!
* * * LOW HITPOINT WARNING * * *
The vault guard hits you with a +0 great sword!
* * * LOW HITPOINT WARNING * * *
The vault guard hits you with a +0 great mace!!
* * * LOW HITPOINT WARNING * * *
The vault guard hits you from afar with a +0 glaive.
* * * LOW HITPOINT WARNING * * *
The vault guard hits you but does no damage.
The vault guard barely misses you.
The vault guard hits you from afar with a +0 bardiche.
* * * LOW HITPOINT WARNING * * *
The vault guard hits you from afar with a +0 glaive!
You die... .##.D##....# .C.o..#....# # .....T#....# .# ..D.#...D#... .GoppCC..Oe.

#####pCpOpOO.##
.....pppppp....
...C.pp@pppO...
.....DpGppO☼...
....eCpppp.....
#####.HpCO...##
........O..
..Q#....#.##
#...#....#+#
##..#....#


O You could see 2 titans, a golden dragon, 2 storm dragons, a frost giant
(extremely poisoned), 2 fire giants, a quicksilver dragon, a sphinx (extremely
poisoned), a stone giant (extremely poisoned), 2 vault wardens, a tengu reaver
(very poisoned), 22 vault guards, a great orb of eyes, an ettin (very poisoned),
a deep elf sorcerer (very poisoned), 5 two-headed ogres, an ogre mage (extremely
poisoned), a deep elf mage (poisoned), a troll (very poisoned), 2 orc warriors,
2 ogres and a floating eye (very poisoned).

Vanquished Creatures
  A lich (Vaults:4)
  A kraken (Shoals:4)
  A sphinx (Vaults:2)
  Gastronok (Lair:1)
  Polyphemus (Shoals:4)
  Kirke (D:12)
  Donald (Snake:1)
  A storm dragon (Vaults:2)
  7 nagarajas
  2 tengu reavers (Vaults:4)
  Ilsuiw (Shoals:4)
  A fire giant (Vaults:1)
  A frost giant (Vaults:2)
  3 deep elf sorcerers
  3 imperial myrmidons (Desolation)
  8 vault wardens
  Aizul (Snake:1)
  17 ironheart preservers
  4 very ugly things
  5 stone giants
  Nessos (D:12)
  4 deep elf demonologists
  A dire elephant (Lair:1)
  A spark wasp (shapeshifter) (Vaults:4)
  An ettin (Vaults:4)
  A deep elf death mage (Vaults:2)
  7 merfolk javelineers
  A crystal guardian (Desolation)
  12 yaktaur captains
  2 fire dragons
  Josephine (Lair:4)
  12 merfolk impalers
  Fannar (D:12)
  6 servants of whispers (Desolation)
  Erolcha (D:13)
  17 naga warriors
  Harold (D:6)
  7 peacekeepers (Desolation)
  A great orb of eyes (Vaults:2)
  3 hydras
  6 ragged hierophants (Desolation)
  6 vault guards
  6 ice dragons
  8 merfolk avatars
  3 catoblepae
  6 centaur warriors
  A death knight (Vaults:4)
  14 two-headed ogres
  3 alligator snapping turtles
  8 ogre magi
  22 anacondas
  5 merfolk aquamancers (Shoals:4)
  4 death yaks (Shoals:4)
  2 deep troll shamans (Vaults:4)
  A tengu warrior (D:15)
  3 satyrs (Shoals:4)
  12 naga sharpshooters
  Urug (Orc:1)
  5 orc high priests (Orc:2)
  7 shock serpents
  7 deep elf knights
  Sonja (Lair:6)
  A shadow wraith (Vaults:3)
  A storm dragon skeleton (Vaults:4)
  A salamander mystic (Snake:4)
  4 unseen horrors
  21 sea snakes
  14 deep trolls
  5 wizards
  3 flayed ghosts
  15 naga ritualists
  17 harpies
  8 deep elf archers
  3 glowing orange brains
  22 orc knights
  4 lindwurms (Lair:4)
  A harpy (shapeshifter) (Vaults:2)
  2 necromancers
  An orb spider (shapeshifter) (Vaults:3)
  17 ironbrand convokers
  Pikel (D:7)
  A lindwurm (shapeshifter) (D:15)
  2 phantasmal warriors (Vaults:4)
  5 orc sorcerers
  45 ugly things
  11 cyclopes
  14 mana vipers
  15 salamanders
  5 wolf spiders
  13 deep elf magi
  8 manticores
  2 salamanders (shapeshifter)
  5 fauns
  11 elephants
  2 centaur zombies
  51 black mambas
  2 black mambas (shapeshifter)
  A faun (shapeshifter) (Vaults:2)
  2 torpor snails (Lair:6)
  12 merfolk sirens
  8 vault sentinels
  21 naga magi
  3 water nymphs
  13 guardian serpents
  26 spiny frogs
  Psyche (D:8)
  2 gargoyles (D:14)
  A centaur skeleton (D:11)
  Maggie (Lair:1)
  15 komodo dragons
  4 kobold demonologists
  31 yaktaurs
  2 tengu conjurers
  8 freezing wraiths
  38 merfolk
  A queen bee (Lair:3)
  A meliai (shapeshifter) (D:15)
  13 trolls
  A queen bee (shapeshifter) (D:14)
  3 tyrant leeches (Lair:6)
  15 hornets
  20 blink frogs
  10 wind drakes
  Prince Ribbit (D:5)
  7 hippogriffs
  4 dream sheep (Shoals:4)
  57 saltlings (Desolation)
  24 slime creatures
  12 snapping turtles
  The ghost of H0rd4k the Insei, an amateur OpTm (D:5)
  A vampire (D:14)
  A shadow (D:13)
  A centaur simulacrum (D:14)
  A spriggan (shapeshifter) (Vaults:3)
  5 wyverns
  14 water elementals
  8 wraiths
  38 yaks
  A basilisk (shapeshifter) (Vaults:2)
  4 basilisks
  8 vampire mosquitoes
  2 hungry ghosts
  A steam dragon (D:8)
  Menkaure (D:7)
  3 human simulacra
  A warg (Vaults:3)
  60 nagas
  4 acid dragons
  8 soldier ants
  A swamp worm (shapeshifter) (Vaults:1)
  15 water moccasins
  15 porcupines
  5 ice beasts
  53 orc warriors
  3 black bears
  An ettin simulacrum (Vaults:1)
  4 sky beasts
  2 phantoms
  An eye of draining (D:9)
  3 necrophages
  A slave (D:6)
  32 ogres
  13 centaurs
  13 wolves
  6 boggarts (Vaults:2)
  Blork the orc (D:5)
  9 crocodiles
  A human zombie (Vaults:4)
  24 bullfrogs
  3 big kobolds
  5 gnoll sergeants
  A human skeleton (Vaults:4)
  4 scorpions
  78 killer bees
  6 wights
  3 howler monkeys (D:14)
  11 electric eels
  8 crimson imps
  3 quasits
  13 hounds
  44 orc priests
  4 bullfrog skeletons
  A bullfrog zombie (D:8)
  2 gnoll shamans (D:7)
  5 jellies
  4 iguanas
  Natasha (thrice) (D:2)
  36 orc wizards
  14 worker ants
  2 hound skeletons (D:7)
  2 howler monkey zombies
  2 worker ant zombies
  25 adders
  36 gnolls
  A howler monkey skeleton (D:7)
  2 river rats (D:3)
  3 shadow imps
  A white imp (Vaults:1)
  24 oozes
  2 adder zombies
  2 adder skeletons
  10 worms
  5 dart slugs
  10 leopard geckos
  120 orcs
  6 bats
  7 giant cockroaches
  4 goblins
  11 hobgoblins
  7 jackals
  2 quokkas
  14 ball pythons
  22 frilled lizards
  30 kobolds
  A quokka skeleton (D:5)
  10 rats
  A fungus (Lair:4)
  3 plants (Shoals:2)
  4 tentacles (Shoals:4)
1947 creatures vanquished.

Vanquished Creatures (others)
  2 humans (D:12)
  5 hogs (D:12)
  3 slaves (D:7)
  22 fungi
  97 plants
  4 tentacles (Shoals:4)
  9 toadstools (Lair:1)
142 creatures vanquished.

Grand Total: 2089 creatures vanquished

Notes
Turn   | Place    | Note
-------+----------+-------------------------------------------
     0 | D:1      | Morbidden the Draconian Assassin began the quest for the
                  | Orb.
     0 | D:1      | Reached XP level 1. HP: 17/17 MP: 1/1
    83 | D:1      | Reached skill level 1 in Dodging
   117 | D:1      | Reached XP level 2. HP: 24/25 MP: 2/2
   517 | D:1      | Reached XP level 3. HP: 30/30 MP: 3/3
   997 | D:2      | Reached skill level 1 in Spellcasting
  1024 | D:2      | Reached XP level 4. HP: 33/38 MP: 5/5
  1187 | D:2      | Noticed Natasha
  1197 | D:2      | Killed Natasha
  1244 | D:2      | Reached XP level 5. HP: 45/45 MP: 7/7
  1365 | D:2      | Noticed Natasha
  1375 | D:2      | Killed Natasha
  1375 | D:2      | Reached skill level 2 in Dodging
  1416 | D:2      | Noticed Natasha
  1429 | D:2      | Killed Natasha
  1938 | D:3      | Noticed an ogre
  1955 | D:3      | Killed an ogre
  1955 | D:3      | Reached XP level 6. HP: 28/52 MP: 9/9
  2126 | D:3      | Found a glowing drain.
  2133 | Sewer    | Entered a sewer
  2993 | Sewer    | Reached skill level 3 in Dodging
  2993 | Sewer    | Your scales start taking on a pale cyan-grey colour.
  2993 | Sewer    | Reached XP level 7. HP: 38/60 MP: 10/10
  4075 | D:4      | Learned a level 1 spell: Magic Dart
  4155 | D:4      | Reached skill level 1 in Shields
  4248 | D:4      | Reached skill level 1 in Conjurations
  4618 | D:4      | Reached skill level 5 in Fighting
  4684 | D:5      | Entered Level 5 of the Dungeon
  4722 | D:5      | Reached XP level 8. HP: 68/68 MP: 12/12
  4739 | D:5      | Found a glowing silver altar of Zin.
  4943 | D:5      | Reached skill level 4 in Dodging
  4944 | D:5      | Found a runed translucent door.
  5063 | D:5      | Noticed H0rd4k's ghost (amateur OpTm)
  5073 | D:5      | Killed H0rd4k's ghost
  5180 | D:5      | Reached skill level 5 in Short Blades
  5200 | D:5      | Noticed Blork the orc
  5221 | D:5      | Killed Blork the orc
  5828 | D:5      | Found a staircase to the Ecumenical Temple.
  5830 | D:5      | Noticed Prince Ribbit
  5837 | Temple   | Entered the Ecumenical Temple
  5879 | Temple   | Became a worshipper of Cheibriados the Contemplative
  6214 | D:6      | Reached skill level 1 in Invocations
  6370 | D:6      | Reached XP level 9. HP: 71/75 MP: 14/14
  6765 | D:6      | Reached * piety under Cheibriados
  6843 | D:6      | Reached skill level 5 in Dodging
  7575 | D:5      | Found a glowing silver altar of Zin.
  7591 | D:5      | Killed Prince Ribbit
  7696 | D:5      | Found a staircase to the Ecumenical Temple.
  8458 | D:7      | Noticed Harold
  8628 | D:7      | Reached ** piety under Cheibriados
  8819 | D:6      | Reached skill level 6 in Dodging
  8964 | D:7      | Noticed Pikel
  9186 | D:6      | Killed Harold
  9186 | D:6      | Reached skill level 5 in Shields
  9186 | D:6      | Reached XP level 10. HP: 55/84 MP: 17/17
  9635 | D:7      | Reached *** piety under Cheibriados
  9824 | D:7      | Killed Pikel
  9824 | D:7      | Reached skill level 5 in Spellcasting
  9842 | D:7      | Found an opulent altar of Gozag.
 10300 | D:7      | Noticed Menkaure
 10312 | D:7      | Killed Menkaure
 10384 | D:7      | Reached **** piety under Cheibriados
 10384 | D:7      | Reached skill level 7 in Dodging
 10628 | D:7      | Found the +9 staff of Olgreb {rPois∞}
 10650 | D:7      | Found a runed translucent door.
 10655 | D:7      | Found a runed translucent gate.
 10655 | D:7      | Found a runed translucent gate.
 10656 | D:7      | Found a runed translucent door.
 10667 | D:7      | Found a runed translucent gate.
 11098 | D:7      | Reached skill level 1 in Evocations
 11228 | D:7      | Reached skill level 5 in Throwing
 11310 | D:7      | Found Helex's Distillery.
 11624 | D:8      | Reached ***** piety under Cheibriados
 11707 | D:8      | Found a basalt altar of Yredelemnul.
 11910 | D:7      | Reached XP level 11. HP: 7/92 MP: 13/19
 11910 | D:7      | HP: 4/92 [poisoned by a soldier ant]
 12557 | D:8      | Got a pitted quarterstaff
 12558 | D:8      | Identified the cursed +1 quarterstaff of Kiriz {freeze, rF+
                  | Int+2} (You found it on level 8 of the Dungeon)
 12690 | D:8      | Found a staircase to the Lair.
 12700 | D:8      | Reached skill level 5 in Invocations
 12700 | D:8      | Noticed Psyche
 12712 | D:8      | Killed Psyche
 13909 | D:10     | Entered Level 10 of the Dungeon
 14204 | D:10     | Reached skill level 1 in Staves
 14855 | D:10     | Killed an unseen horror
 15359 | D:10     | Reached skill level 5 in Stealth
 15363 | D:10     | Reached skill level 8 in Dodging
 15610 | D:11     | Noticed a white ugly thing
 15752 | D:11     | Noticed a brown ugly thing
 15756 | D:11     | Reached ****** piety under Cheibriados
 15761 | D:11     | Killed a brown ugly thing
 15761 | D:11     | Reached XP level 12. HP: 64/100 MP: 5/21
 15962 | D:11     | Found a staircase to the Orcish Mines.
 16648 | D:11     | Reached skill level 5 in Evocations
 18437 | D:12     | Noticed Kirke
 18463 | D:12     | Killed Kirke
 19016 | D:12     | Noticed Nessos
 19037 | D:12     | Killed Nessos
 19037 | D:12     | Reached skill level 1 in Unarmed Combat
 19181 | D:12     | Noticed Fannar
 19192 | D:12     | Killed Fannar
 19880 | D:13     | Noticed an eight-headed hydra
 19936 | D:13     | Killed an eight-headed hydra
 19994 | D:13     | Learned a level 6 spell: Ozocubu's Refrigeration
 20038 | D:13     | Noticed a centaur warrior
 20048 | D:13     | Killed a centaur warrior
 20048 | D:13     | Reached XP level 13. HP: 93/109 MP: 5/23
 20326 | D:13     | Noticed Erolcha
 20333 | D:13     | Killed Erolcha
 20787 | D:14     | Reached skill level 9 in Dodging
 20894 | D:14     | Found a gate to the Vaults.
 20922 | D:14     | Found a flagged portal.
 20930 | Bailey   | Entered a bailey
 21284 | Bailey   | Found a bloodstained altar of Trog.
 21297 | Bailey   | Got a clouded silver ring
 21317 | Bailey   | Identified the cursed ring "Ziomuq" {rPois AC-4} (You found
                  | it in a bailey)
 21380 | Bailey   | Learned a level 2 spell: Blink
 22056 | D:14     | Reached skill level 1 in Translocations
 22855 | D:15     | Entered Level 15 of the Dungeon
 22886 | D:15     | Reached skill level 10 in Shields
 23356 | D:15     | Reached skill level 5 in Staves
 23469 | D:15     | Noticed a fire dragon
 23483 | D:15     | Killed a fire dragon
 23483 | D:15     | Reached XP level 14. HP: 37/119 MP: 21/26
 23788 | D:15     | Found a staircase to the Depths.
 24380 | Lair:1   | Entered Level 1 of the Lair of Beasts
 24380 | Lair:1   | Noticed Gastronok
 24391 | Lair:1   | Killed Gastronok
 24595 | Lair:1   | Noticed Maggie
 24608 | Lair:1   | Killed Maggie
 24663 | Lair:1   | Found a runed translucent door.
 24669 | Lair:1   | Noticed Piumiz's ghost (journeyman HOFi)
 24704 | Lair:1   | Reached skill level 10 in Fighting
 25566 | Lair:1   | Found a runed translucent door.
 26095 | Lair:1   | Got a scorched emerald amulet
 26099 | Lair:1   | Identified the amulet of Mirth {Inacc Dex+2} (You found it
                  | on level 1 of the Lair of Beasts)
 26950 | Lair:2   | Reached skill level 10 in Dodging
 28440 | Lair:3   | Found a staircase to the Snake Pit.
 29193 | Lair:4   | Noticed Josephine
 29210 | Lair:4   | Killed Josephine
 29578 | Lair:4   | Found a staircase to the Shoals.
 29844 | Lair:4   | Reached XP level 15. HP: 57/128 MP: 1/28
 31062 | Lair:6   | Entered Level 6 of the Lair of Beasts
 31386 | Lair:6   | Noticed Sonja
 31393 | Lair:6   | Killed Sonja
 32398 | Lair:6   | Reached skill level 10 in Invocations
 33328 | Orc:1    | Entered Level 1 of the Orcish Mines
 33735 | Orc:2    | Entered Level 2 of the Orcish Mines
 33736 | Orc:2    | Found a staircase to the Elven Halls.
 33972 | Orc:2    | Found Viohell's Distillery.
 33984 | Orc:2    | Bought 2 potions of heal wounds for 120 gold pieces
 34599 | Orc:2    | Reached skill level 11 in Dodging
 34969 | Orc:2    | Reached skill level 10 in Evocations
 35332 | Orc:2    | Found Totsydwo's Antique Armour Shoppe.
 35335 | Orc:2    | Found Qopofotwi's Assorted Antiques.
 35336 | Orc:2    | Found Exyahud's Antique Weapon Shoppe.
 35337 | Orc:2    | Found Ceasch's Assorted Antiques.
 35350 | Orc:2    | Bought a cyan potion for 21 gold pieces
 35350 | Orc:2    | Bought a potion of heal wounds for 120 gold pieces
 35499 | Orc:1    | Noticed Urug
 35511 | Orc:1    | Killed Urug
 35686 | Orc:1    | Learned a level 1 spell: Apportation
 36480 | Snake:1  | Entered Level 1 of the Snake Pit
 36550 | Snake:1  | Reached skill level 10 in Spellcasting
 36642 | Snake:1  | Reached XP level 16. HP: 122/137 MP: 25/30
 36762 | Snake:1  | Found Digh's Antique Weapon Shop.
 36821 | Snake:1  | Identified the +4 kite shield of Ethereal Beauty {Harm rF-
                  | rN++ Int+4}
 36821 | Snake:1  | Noticed Donald
 36837 | Snake:1  | Killed Donald
 37914 | Snake:1  | Identified the +3 hand axe of the Viper {distort, Str+3
                  | Dex-3}
 37923 | Snake:1  | Found a transporter.
 37932 | Snake:1  | Noticed Aizul
 37949 | Snake:1  | Killed Aizul
 38007 | Snake:1  | Noticed Tianux's ghost (adept DrFE)
 38021 | Snake:1  | Found a transporter.
 41131 | Snake:2  | Learned a level 2 spell: Searing Ray
 41136 | Snake:2  | Learned a level 4 spell: Iskenderun's Mystic Blast
 41487 | Snake:3  | Reached skill level 12 in Dodging
 42025 | Snake:3  | Reached XP level 17. HP: 146/146 MP: 31/31
 42628 | Snake:3  | HP: 4/146 [naga warrior/+0 trident (23)]
 42630 | Snake:3  | HP: 1/146 [naga warrior/+0 trident (3)]
 43969 | Snake:4  | Entered Level 4 of the Snake Pit
 45620 | Snake:4  | Found Ahumn's Antique Armour Boutique.
 45627 | Snake:4  | Bought an embroidered cloak for 247 gold pieces
 45627 | Snake:4  | Bought a pair of glowing boots for 247 gold pieces
 45643 | Snake:4  | Identified a +1 pair of boots of running (You bought it in
                  | a shop on level 4 of the Snake Pit)
 47094 | Snake:4  | Found a runed translucent door.
 48008 | Snake:4  | Reached skill level 15 in Shields
 48076 | Snake:4  | Reached XP level 18. HP: 156/156 MP: 33/33
 48532 | Snake:4  | Got a serpentine rune of Zot
 48720 | Shoals:1 | Entered Level 1 of the Shoals
 48751 | Shoals:1 | Found a flickering gateway to a bazaar.
 48762 | Shoals:1 | Reached skill level 13 in Dodging
 48797 | Bazaar   | Entered a bazaar
 48797 | Bazaar   | Found Korurch's Jewellery Shoppe.
 48861 | Bazaar   | Found Uba Ygergha's Antique Armour Shoppe.
 48878 | Bazaar   | Found Impuf's Jewellery Shoppe.
 48930 | Bazaar   | Bought a pair of glowing gloves for 202 gold pieces
 48952 | Bazaar   | Bought the ring "Mupt" {rF+ rC++ Dex-3} for 518 gold pieces
 48952 | Bazaar   | Bought the ring "Nibraynk" {rElec Dex+6 Slay+3} for 1021
                  | gold pieces
 49317 | Shoals:1 | Identified a scroll of acquirement
 49318 | Shoals:1 | Acquired the +6 Majin-Bo {vamp, Archmagi MP+6 Int+6}
 49319 | Shoals:1 | Found the +6 Majin-Bo {vamp, Archmagi MP+6 Int+6}
 53209 | Shoals:4 | Entered Level 4 of the Shoals
 53912 | Shoals:4 | Noticed Polyphemus
 53937 | Shoals:4 | Killed Polyphemus
 55032 | Shoals:4 | Reached skill level 14 in Dodging
 55048 | Shoals:4 | Reached XP level 19. HP: 145/163 MP: 25/35
 55125 | Shoals:4 | Identified the ring "Hoamaploiza" {rElec MR- MP+9 AC+4
                  | Str+4}
 55790 | Shoals:4 | Noticed Ilsuiw
 55812 | Shoals:4 | Killed Ilsuiw
 56119 | Shoals:4 | Got a barnacled rune of Zot
 56182 | Shoals:4 | Learned a level 7 spell: Dragon Form
 56496 | Vaults:1 | Entered Level 1 of the Vaults
 57115 | Vaults:1 | Reached skill level 1 in Transmutations
 57865 | Vaults:1 | Noticed a Brimstone Fiend
 57875 | Vaults:1 | Noticed a Tzitzimitl
 58764 | Vaults:2 | Reached skill level 10 in Staves
 59051 | Vaults:2 | Reached XP level 20. HP: 108/174 MP: 15/36
 59170 | Vaults:2 | Reached skill level 15 in Dodging
 59972 | Vaults:2 | Found a staircase to the Crypt.
 59972 | Vaults:2 | Found an ancient bone altar of Kikubaaqudgha.
 59973 | Vaults:2 | Found a basalt altar of Yredelemnul.
 60975 | Vaults:2 | Cast into level 3 of the Abyss (a deep elf sorcerer)
 61031 | Vaults:2 | Escaped the Abyss
 61678 | Vaults:3 | Reached skill level 5 in Transmutations
 61696 | Vaults:3 | Found a ruined gateway.
 61780 | Desolati | Entered the Desolation of Salt
 62705 | Desolati | Got a slimy ivory ring
 62707 | Desolati | Identified the ring of Monotheism {rF- rC+++ rN+++ Dex-2
                  | SInv} (You found it in the Desolation of Salt)
 63041 | Desolati | Reached skill level 10 in Throwing
 63202 | Desolati | Identified the Volume of Dusty Transmigration
 63366 | Desolati | Identified the Almanac of Beguiling and Attacks
 64263 | Vaults:3 | Reached XP level 21. HP: 182/182 MP: 38/38
 64922 | Vaults:3 | HP: 5/182 [stone giant (26)]
 65570 | Vaults:3 | Reached skill level 16 in Dodging
 66427 | Vaults:4 | Reached skill level 15 in Fighting
 66681 | Vaults:4 | Found a portal to a secret trove of treasure.
 67910 | Vaults:5 | Entered Level 5 of the Vaults
 67920 | Vaults:5 | Noticed a golden dragon
 67926 | Vaults:5 | Paralysed by a floating eye for 2 turns
 67927 | Vaults:5 | HP: 7/184 [vault guard/+0 glaive (3)]
 67927 | Vaults:5 | Mangled by a vault guard

Illustrated notes

Levels and vault maps discovered:
D:1:      lightli_arrival_statue_moat, layout_loops_ring,
          minmay_misc_feat_nine_boxes
D:2:      layout_basic, serial_curves, eino_curves_02, eino_curves_01,
          uniq_natasha
D:3:      minmay_angry_zag, layout_loops_cross, lightli_sewer_entry_pipes,
          minmay_joined_circles
D:4:      kennysheep_six_static_rooms, layout_basic
D:5:      layout_basic, temple_green, ebering_ghost_sewer_d, first_ration,
          basic_altar, supply_closet_lemuel, uniq_blork_the_orc,
          uniq_prince_ribbit1
D:6:      layout_basic
D:7:      layout_cave_pools, grunt_gozag_breadcrumbs, serial_gnoll_camp,
          gnoll_camp_mini_shop, gnoll_camp_mini_hut, gnoll_camp_huts_moat,
          gnoll_camp_medium_01, minmay_guarded_unrand_staff_of_olgreb,
          uniq_pikel, uniq_harold, uniq_menkaure
D:8:      layout_basic, lair_entry_dummy, yredelemnul_altar_generic, uniq_psyche
D:9:      layout_gridville, hangedman_little_slice_of_home
D:10:     layout_roguey, hive_lemuel
D:11:     layout_layer_cave, hiddenorc2_lemuel
D:12:     layout_stronghold, lemuel_flamethrower_2, uniq_fannar, uniq_nessos,
          uniq_kirke
D:13:     layout_roguey, due_unseen_surprise, uniq_erolcha
D:14:     layout_roguey, david_vaults_1, corexii_corridor_pit, enter_bailey_2
D:15:     grunt_enter_depths_hoard, layout_rooms
Temple:   regret_index_temple_sigil_plot
Lair:1:   gammafunk_lair_enchanted_lake, layout_cave_pods,
          ebering_ghost_reflecting_pool, uniq_gastronok, uniq_maggie
Lair:2:   layout_chaotic_city, grunt_megastairs_3, infiniplex_staircase_pool
Lair:3:   layout_roguey, minmay_snake_entry_guardpost_small, special_room
          [special_room_bee], minivault_26
Lair:4:   layout_regular_city, minmay_shoals_entry_lonely_mermaid,
          minmay_lindwurm_lava, uniq_josephine
Lair:5:   layout_loops_ring, minmay_slime_entry_oklob_open, grunt_megastairs_5,
          lemuel_fruit_fields, lemuel_fruit_tree, minmay_lair_oklob_chamber
Lair:6:   minmay_lair_end_frog_pond, layout_big_grid, uniq_sonja
Shoals:1: layout_shoals, serial_shops, bzr_entry_islet
Shoals:2: layout_shoals
Shoals:3: layout_shoals, hangedman_shoals_cup_caves
Shoals:4: shoals_end_hangedman, layout_shoals, shoal_ilsuiw, uniq_polyphemus
Snake:1:  nicolae_snake_nest, layout_basic, gammafunk_ghost_abyssal_escape,
          serial_shops, shop, nicolae_coiled_stairwell_down, uniq_donald,
          uniq_aizul
Snake:2:  layout_cave_town, serial_bayou, serial_bayou_crossing,
          serial_bayou_shore_b, serial_bayou_ford_a, serial_bayou_shore_a,
          serial_bayou_pond_b, serial_bayou_lagoon_b
Snake:3:  layout_chambers, st_stairs_9
Snake:4:  grunt_snake_rune_serpentine_throne, layout_onion, serial_shops,
          shop_fountains, lightli_airlock
Orc:1:    layout_caves, uniq_urug
Orc:2:    st_orc_pillars, layout_diamond_mine, serial_shops, shop
Vaults:1: grunt_vaults_swirl, v_misc_10, serial_ice_g,
          nicolae_vaults_little_squares_4, v_misc_15,
          nicolae_vaults_display_case, grunt_vaults_twisty,
          layout_vaults_omnigrid
Vaults:2: hangedman_vaults_slice, hangedman_vaults_locks, st_spiral_rooms,
          minmay_crypt_entry_necro_gods, v_misc_29, grunt_vaults_focal,
          v_rooms_5, v_misc_17, v_rooms_2, ontoclasm_vaults_decontamination,
          dpeg_vaults_monster_row, nicolae_vaults_little_squares_5,
          grunt_vaults_hallway_short, vaults_room_pool, layout_vaults_ring
Vaults:3: v_pattern_5, nicolae_vaults_network_periphery, v_misc_19,
          vaults_dpeg_encased_lava, nicolae_vaults_stairing_the_circle,
          hangedman_vaults_slice, v_misc_30, ontoclasm_vaults_gateway,
          nicolae_vaults_little_squares_5, nicolae_vaults_what_the_h,
          layout_vaults_omnicross, portal_desolation_entry_nicolae_slug
Vaults:4: vaults_standard_mumra_lines, v_alt_pattern_2, vaults_room_ringed_pool,
          vaults_mumra_chevron_long, hangedman_vaults_stream,
          hangedman_vaults_maws, v_misc_2, nicolae_vaults_little_squares_2,
          nicolae_vaults_quadrants, v_misc_4, ontoclasm_vaults_hangar,
          ontoclasm_vaults_pinch, hangedman_vaults_impose,
          layout_vaults_maze_bifur, enter_trove_2
Vaults:5

Skill      XL: |  1  2  3  4  5  6  7  8  9 10 11 12 13 14 15 16 17 18 19 20 21 |
---------------+----------------------------------------------------------------+-----
Dodging        | 1 2 3 4 6 7 8 9 10 11 12 14 15 16 | 16.4
Fighting       | 3 4 5 6 7 8 9 10 11 12 13 14 15 | 15.2
Stealth        | 4 5 6 |  6.8
Spellcasting   | 1 2 3 4 5 6 7 8 9 10 11 12 13 | 13.6
Throwing       | 2 3 4 5 6 7 8 9 10 12 | 12.2
Short Blades   | 3 4 5 |  5.9
Shields        | 1 3 5 6 8 9 10 11 12 13 15 | 15.0
Conjurations   | 2 3 4 |  4.5
Invocations    | 1 3 4 5 7 8 9 10 11 12 13 14 | 14.0
Evocations     | 2 4 6 7 9 10 11 12 | 12.2
Staves         | 2 3 5 6 7 8 10 11 | 11.6
Unarmed Combat | 1 3 |  3.3
Translocations | 1 |  1.8
Transmutations | 3 5 7 |  7.3

Action                   |  1- 3 |  4- 6 |  7- 9 | 10-12 | 13-15 | 16-18 | 19-21 || total
-------------------------+-------+-------+-------+-------+-------+-------+-------++-------
Melee: Dagger            |   120 |   313 |   477 |   221 |       |       |       ||  1131
       Tailslap          |    10 |    19 |    63 |   126 |   242 |   393 |   392 ||  1245
       Staff             |       |       |       |   308 |   903 |  1418 |  1303 ||  3932
       Unarmed           |       |       |       |    15 |       |       |       ||    15
Throw: Dart              |     7 |    32 |   116 |   251 |    25 |    14 |    19 ||   464
       Boomerang         |       |       |       |    38 |   163 |   236 |   190 ||   627
       Javelin           |       |       |       |       |       |       |   153 ||   153
 Cast: Blink             |       |       |       |       |    16 |     3 |       ||    19
       Magic Dart        |       |       |       |       |   199 |   179 |     8 ||   386
       Apportation       |       |       |       |       |     4 |       |       ||     4
       Searing Ray       |       |       |       |       |       |    50 |       ||    50
       Iskenderun's Myst |       |       |       |       |       |    17 |     1 ||    18
Invok: Slouch            |       |       |       |     5 |     6 |    10 |     6 ||    27
       Bend Time         |       |       |       |     1 |       |       |       ||     1
       Step From Time    |       |       |       |       |       |     1 |     1 ||     2
 Abil: Breathe Steam     |       |       |    68 |    52 |    52 |    50 |    25 ||   247
Evoke: Wand              |       |       |       |     6 |     9 |     8 |     2 ||    25
       Staff of Olgreb   |       |       |       |   160 |   236 |   162 |   164 ||   722
       Tin of tremorston |       |       |       |       |     1 |     6 |     5 ||    12
       Lightning rod     |       |       |       |       |       |     8 |       ||     8
  Use: Scroll            |     3 |     6 |     2 |    12 |    18 |    14 |     6 ||    61
       Potion            |       |     1 |       |    10 |     5 |     7 |     5 ||    28
 Stab: Sleeping          |     4 |       |       |     6 |     5 |     5 |     7 ||    27
       Paralysed         |       |       |       |       |    12 |     1 |       ||    13
       Petrified         |       |       |       |       |     5 |       |       ||     5
       Distracted        |       |       |       |       |     2 |       |     1 ||     3
       Invisible         |       |       |       |       |       |       |     2 ||     2
  Eat: Chunk             |       |     7 |    20 |    21 |    37 |    21 |    24 ||   130
       Ration            |       |       |     2 |     2 |     4 |     5 |     3 ||    16
Armor: Skin              |    43 |   108 |   135 |   103 |    67 |   147 |    93 ||   696
Dodge: Dodged            |    76 |   193 |   207 |   425 |   549 |  1091 |   814 ||  3355
Block: Kite shield       |       |       |   213 |   484 |   847 |  1771 |  1202 ||  4517
